 Dungeon Crawl Stone Soup version 0.20.0-1-g1cb1d84 (webtiles) character file.

1722971 hittemv20vhard the Slayer (level 27, 261/261 HPs)
             Began as a Minotaur Assassin on May 26, 2017.
             Was the Champion of the Shining One.
             Escaped with the Orb
             ... and 3 runes on May 27, 2017!
             The game lasted 03:38:12 (71309 turns).

hittemv20vhard the Slayer (Minotaur Assassin)      Turns: 71309, Time: 03:38:13

Health: 261/261    AC: 47    Str: 33    XL:     27
Magic:  35/35      EV: 31    Int:  8    God:    the Shining One [******]
Gold:   1102       SH: 32    Dex: 22    Spells: 20/26 levels left

rFire    + . .     SeeInvis .   a - +10 trishula (holy)
rCold    + . .     Gourm    .   j - +5 large shield
rNeg     + + +     Faith    .   z - +10 crystal plate armour "Vumaocsi" {rPois Regen+ Str+8}
rPois    +         Spirit   +   F - +1 hat
rElec    .         Reflect  .   E - scarf {repulsion}
rCorr    .         Harm     .   P - +2 pair of gloves
MR       +++..                  v - +2 pair of boots
Stlth    ..........             S - amulet "Coikatuyxt" {Spirit rF+ rC+ rN+}
Regen    1.0/turn               s - ring "Kicria" {rN+ MR+ Dex+4 Slay+5}
MPRegen  0.3/turn               Q - ring of Phasing {EV+8}

@: glowing, repel missiles
A: retaliatory headbutt, claws 1, horns 2, poison resistance, strong 1, subdued
magic 1
0: Orb of Zot
}: 3/15 runes: serpentine, barnacled, silver
a: Divine Shield, Cleansing Flame, Summon Divine Warrior, Renounce Religion


You escaped.
You worshipped the Shining One.
The Shining One was exalted by your worship.
You were full.

You visited 11 branches of the dungeon, and saw 53 of its levels.
You visited 1 bazaar.

You collected 7835 gold pieces.
You spent 6733 gold pieces at shops.

Inventory:

Hand Weapons
 a - a +10 trishula of holy wrath (weapon)
 b - the +11 morningstar of Bethroag {antimagic, +Fly Str+2}
   (You found it on level 1 of the Vaults)

   It reduces the magical energy of the wielder, and disrupts the spells and
   magical abilities of those hit.
   Natural abilities and divine invocations are not affected.
   It affects your strength (+2).
   It lets you fly.
Missiles
 q - 13 throwing nets {=f}
Armour
 j - a +5 large shield (worn)
 v - a +2 pair of boots (worn)
 z - the +10 crystal plate armour "Vumaocsi" (worn) {rPois Regen+ Str+8}
   (You bought it in a shop in a bazaar)

   It affects your strength (+8).
   It protects you from poison.
   It increases your rate of regeneration.
 E - a scarf of repulsion (worn)
 F - a +1 hat (worn)
 P - a +2 pair of gloves (worn)
Jewellery
 s - the ring "Kicria" (left hand) {rN+ MR+ Dex+4 Slay+5}
   (You found it on level 3 of the Crypt)

   [ring of positive energy]

   It affects your dexterity (+4).
   It affects your accuracy and damage with ranged weapons and melee attacks
   (+5).
   It protects you from negative energy.
   It affects your resistance to hostile enchantments.
 A - the amulet "Feylaaps" {+Rage rElec Dex+4}
   (You found it on level 4 of the Depths)

   [amulet of rage]

   It affects your dexterity (+4).
   It insulates you from electricity.
   It lets you go berserk.
 C - an uncursed ring of fire {rF+, rC-}
 Q - the ring of Phasing (right hand) {EV+8}
   (You found it on level 10 of the Dungeon)

   [ring of evasion]

   It affects your evasion (+8).
 S - the amulet "Coikatuyxt" (around neck) {Spirit rF+ rC+ rN+}
   (You found it on level 3 of the Elven Halls)

   [amulet of guardian spirit]

   It causes incoming damage to be split between your health and magic.
   It protects you from fire.
   It protects you from cold.
   It protects you from negative energy.
Wands
 d - a wand of disintegration (15/24)
 g - a wand of scattershot (8/9)
 u - a wand of confusion (35/48)
 w - a wand of acid (6/15)
 D - a wand of digging (19/24)
 H - a wand of lightning (8/15)
 O - a wand of iceblast (10/15)
 T - a wand of paralysis (13/24)
 X - a wand of paralysis (13/24)
 Y - a wand of acid (6/15)
Scrolls
 c - 5 scrolls of summoning {!r}
 e - 7 scrolls of fear
 f - 16 scrolls of fog
 i - 5 scrolls of identify
 l - 5 scrolls of silence {!r}
 m - a scroll of magic mapping {!r}
 r - 3 scrolls of recharging
 t - 26 scrolls of teleportation {!r}
 B - 11 scrolls of blinking {!r}
Potions
 h - 12 potions of mutation {!q}
 o - 3 potions of cancellation
 p - 8 potions of might
 y - 5 potions of agility
 G - 5 potions of resistance
 I - 5 potions of flight
 L - 5 potions of haste
 M - 2 potions of ambrosia
 N - 13 potions of heal wounds
 V - 5 potions of magic
 W - 2 potions of berserk rage {!q}
 Z - 15 potions of curing
Miscellaneous
 n - a lamp of fire
 x - 3 boxes of beasts
 K - 2 sacks of spiders
 R - 2 phantom mirrors
 U - a fan of gales
Comestibles
 k - 13 royal jellies


   Skills:
 + Level 24.1 Fighting
   Level 2.1 Short Blades
   Level 14.4(18.5) Axes
 - Level 14.0(16.3) Maces & Flails
 - Level 14.9(17.0) Polearms
 - Level 2.0 Throwing
 + Level 23.1 Armour
 + Level 21.0 Dodging
 - Level 3.2 Stealth
 + Level 23.5 Shields
 + Level 18.0 Invocations
 + Level 15.9 Evocations


You had 20 spell levels left.
You knew the following spells:

 Your Spells              Type           Power        Failure   Level  Hunger
b - Blink                 Tloc           N/A          99%         2    ###....
s - Swiftness             Chrm/Air       #.......     99%         2    ###....
w - Passwall              Tmut/Erth      #.........   99%         2    ###....


Dungeon Overview and Level Annotations

Branches:
Dungeon (15/15)            Temple (1/1) D:7            Lair (6/6) D:11
 Shoals (4/4) Lair:3        Snake (4/4) Lair:4        Slime (0/5) Lair:6
    Orc (2/2) D:9             Elf (3/3) Orc:2        Vaults (5/5) D:13
  Crypt (3/3) Vaults:2       Tomb (0/3) Crypt:3      Depths (5/5) D:15
    Zot (5/5) Depths:5

Altars:
Ashenzari
Cheibriados
Elyvilon
Fedhas
Gozag
Hepliaklqana
Kikubaaqudgha
Makhleb
Nemelex Xobeh
Okawaru
Qazlal
Sif Muna
Trog
Vehumet
Xom
Yredelemnul
Zin
The Shining One
Beogh

Shops:
D:13 *   D:14 }   Orc:2 =(*[   Elf:1 %   Elf:2 ?   Shoals:2 ?   Snake:3 =
Vaults:2 :   Vaults:4 ?   Depths:3 *

Portals:
Hell: Depths:1 Depths:2 Depths:3 Depths:4 Depths:5
Abyss: Depths:1 Depths:4
Pandemonium: Depths:2 Depths:3
Ziggurat: Depths:1
Trove: D:10 (show slimy rune of Zot)

Annotations:
D:10 lindwurms need flight, exclusion: downstairs
Lair:5 exclusion: oklob plant
Crypt:1 exclusion: downstairs
Depths:2 exclusion: 3 doors
Zot:2 exclusion: 2 upstairs
Zot:4 exclusion: 2 upstairs
Zot:5 exclusions: orange crystal statue and upstairs


Innate Abilities, Weirdness & Mutations

You reflexively headbutt those who attack you in melee.
You have a pair of horns on your head.
You have sharp fingernails.
Your system is resistant to poisons. (rPois)
Your muscles are strong. (Str +2)
Your spells are a little easier to cast, but a little less powerful.


Message History

Aim: an ice devil (haloed)
You reach to attack!
You puncture the ice devil!
The ice devil convulses.
Attack whom?
Aim: an ice devil (moderately wounded, haloed)
You reach to attack!
You impale the ice devil!!
The ice devil convulses!!
You kill the ice devil!
No target in view!
No target in view!
(D) Dungeon (T) Temple (L) Lair (A) Shoals (P) Snake Pit (M) Slime Pits (O) Orcish Mines (E) Elven Halls (V) Vaults (C) Crypt (W) Tomb (U) Depths (H) Hell (Z) Zot
Where to? (Enter - D:1 @ (x,y), ? - help)
There is an open door here.
There is a stone staircase leading up here.
You climb upwards.
There is a stone staircase leading down here.
There is an open door here.
There is a staircase leading out of the dungeon here.
You have escaped!

##.# #....#.###.# ##.#
#....#'#...# #.# ####'#.....#
#.## ##.......#.############
#..# ###.....##'#...>........#
##.# #....####..#.....######.#
#.# #..#'####..#............#
#.####.##...##..#...########.#
#......##...##@.#.......)..###
##.##############.#.#.####.#
#..# #............#......#
##.## #.######.######.#####
#..# #.# #.# #.# ######.# #.#
#.# #.### .......###.# #.#
#...# ........##.# #.# ###.#
........##.# #.# #.#


There were no monsters in sight!

Vault maps used:
D:1:      dpeg_arrival_short_road, nrook_mini_backslash
D:2:      grunt_decor_one_mirror, uniq_natasha
D:3:      lemuel_coloured_pillars_altar, uniq_crazy_yiuf_cottage
D:4:      marbit_many_paths, grunt_ministairs_12, uniq_eustachio, uniq_pikel,
          uniq_sigmund
D:5:      overflow_temple_1_default, lemuel_crystal_altar,
          nicolae_gozag_seed_capital, first_bread, uniq_prince_ribbit1
D:6:      cheibriados_altar_1
D:7:      lemuel_castle_with_subvaults, minmay_temple_entry_trees, basic_altar,
          uniq_joseph, uniq_duvessa
D:8:      cheibrodos_fzero, hangedman_little_slice_of_home
D:9:      evilmike_ruin_ashenzari, chequers_temple_overflow_minitemple,
          orc_0_dummy
D:10:     enter_trove_0, minmay_lindwurm_lava, uniq_fannar
D:11:     minmay_lair_entry_grove, uniq_grum
D:13:     erik_vaults_2, serial_shops, nicolae_shop_behind_doors
D:14:     serial_shops, shop, basic_altar
D:15:     gammafunk_enter_depths_forms, nicolae_two_hexagons, minmay_evil_grid
Temple:   nicolae_temple_x_marks_the_god
Lair:1:   grunt_megastairs_4
Lair:2:   serial_bayou, serial_bayou_pond_a, serial_bayou_lake_a,
          serial_bayou_lagoon_a, serial_bayou_pond_d
Lair:3:   minmay_shoals_entry_hut, kennysheep_abandoned_house
Lair:4:   dummy_snake_entry
Lair:5:   beast_lair_carwin_large_3, minivault_27, minivault_27
Lair:6:   evilmike_catoblepas_cave, slime_dummy, portal_ice_cave_demonic_guard,
          columned_hall_lemuel
Shoals:1: uniq_louise
Shoals:2: serial_shops, shop, nicolae_shoals_siren_and_animal_friends
Shoals:3: nicolae_shoals_so_close, uniq_polyphemus
Shoals:4: shoals_end_hangedman, shoal_ilsuiw, ldierk_geyser,
          nicolae_shoals_dead_sea_scrolls
Snake:1:  uniq_josephine
Snake:2:  special_room, nrook_guardian_serpent_double, uniq_saint_roka
Snake:3:  serial_shops, nicolae_shop_stone
Snake:4:  snake_pit
Orc:1:    basic_altar, uniq_urug
Orc:2:    grunt_orc_cross, basic_altar
Elf:1:    eino_elf_arrival_altar, serial_shops, nicolae_shop_crystal,
          kennysheep_underground_church, uniq_asterion, uniq_kirke
Elf:2:    basic_altar, serial_shops, nicolae_shop_statue_plus,
          serial_sigils_hangedman_gut, spider_trap, st_stairs_10
Elf:3:    elf_hall, serial_shops, bzr_firewalk, small_statue_intersection,
          uniq_roxanne, uniq_aizul
Vaults:1: nicolae_vaults_network_square, nicolae_vaults_three_branches,
          ontoclasm_vaults_chip, hangedman_vaults_stitches, v_misc_23,
          ontoclasm_vaults_decontamination, hangedman_vaults_corner,
          nicolae_vaults_big_angled_halls, v_misc_24, nicolae_vaults_theta,
          nicolae_vaults_asterisk, vaults_room_pools, vaults_standard_mumra_x,
          serial_ice_h
Vaults:2: blue_anna_dwarven_crypt, ontoclasm_vaults_gallery,
          ontoclasm_vaults_idyll, nicolae_vaults_windows_and_doors_thing,
          vaults_dpeg_diagonal, ontoclasm_vaults_eye, vaults_room_pool,
          serial_shops, shop
Vaults:3: st_squares, v_rooms_5, grunt_vaults_swirl, vaults_dpeg_hooks,
          vaults_room_door_hall, vaults_room_corners, vaults_room_corners
Vaults:4: vaults_room_fours, v_pattern_3, vaults_mumra_hex, vaults_mumra_lcd,
          nicolae_vaults_big_ls, nicolae_vaults_network_s, v_alt_pattern_3,
          ontoclasm_vaults_hangar, v_rooms_4, nicolae_vaults_statue_guard,
          vaults_room_semicircle, serial_shops, shop_fountains, uniq_sojobo
Crypt:2:  cheibrodos_crypt_draghalla
Crypt:3:  lightli_unholy_cathedral,
          nicolae_tomb_entry_unfolded_pyramid_orthogonal, grunt_ministairs_2,
          grunt_megastairs_3
Depths:1: enter_ziggurat_b, hell_entry, abyss_entry, minmay_holes, spider_trap,
          corexii_corridor_pit, kennysheep_pointless_box, serial_bayou_pond_b,
          minivault_16, bh_walls_and_bars
Depths:2: kennysheep_demon_jail, hangedman_decor_riveting,
          marbit_kobold_abyss_entry, lightli_too_deep, pan_entry, minivault_22,
          infiniplex_staircase_pool_1
Depths:3: minmay_tearing_corner, patterned_corridor, pan_entry, hellmouth_3,
          hangedman_abyss_or_decor_passed, nicolae_elemental_shop, uniq_jorgrun
Depths:4: grunt_runaround, hell_entry, abyss_entry, uniq_margery, uniq_xtahua
Depths:5: evilmike_zot_entry_argh, hell_entry, hangedman_abyss_or_decor_clamps
Zot:1:    grunt_zot_stairs_mandelzot, grunt_megastairs_2
Zot:3:    st_stairs_3
Zot:4:    zot_minivault_1
Bazaar:   bazaar_lake

Notes
Turn   | Place    | Note
-------+----------+-------------------------------------------
     0 | D:1      | hittemv20vhard the Minotaur Assassin began the quest for the Orb.
     0 | D:1      | Reached XP level 1. HP: 18/18 MP: 0/0
    75 | D:1      | Reached skill level 3 in Fighting
    85 | D:1      | Reached XP level 2. HP: 26/26 MP: 1/1
   637 | D:2      | Noticed Natasha
   639 | D:2      | Identified 3 scrolls of teleportation
   643 | D:2      | Identified a +0 blowgun
   645 | D:2      | Identified a +2 dagger
   647 | D:2      | Killed Natasha
   647 | D:2      | Reached skill level 4 in Fighting
   647 | D:2      | Reached XP level 3. HP: 34/34 MP: 2/2
   738 | D:2      | Identified a cursed +0 pair of gloves (You found it on level 2 of the Dungeon)
   755 | D:2      | Identified a +0 leather armour (You found it on level 2 of the Dungeon)
   776 | D:2      | Noticed Natasha
   796 | D:2      | Killed Natasha
   796 | D:2      | Reached skill level 5 in Fighting
   796 | D:2      | Reached XP level 4. HP: 34/42 MP: 3/3
   881 | D:2      | Identified a cursed -1 hand axe (You found it on level 2 of the Dungeon)
   903 | D:2      | Noticed Natasha
  1110 | D:2      | Identified a scroll of magic mapping
  1111 | D:2      | Identified a scroll of remove curse
  1236 | D:2      | HP: 9/42 [Natasha (3)]
  1238 | D:2      | Killed Natasha
  1238 | D:2      | Reached skill level 1 in Armour
  1525 | D:2      | Identified a +0 chain mail (You found it on level 2 of the Dungeon)
  1697 | D:2      | Reached skill level 2 in Armour
  1928 | D:3      | Noticed Caillou112's ghost (amateur HaHu)
  1952 | D:3      | Killed Caillou112's ghost
  1952 | D:3      | Reached skill level 6 in Fighting
  1952 | D:3      | Reached skill level 3 in Armour
  1952 | D:3      | Reached XP level 5. HP: 44/50 MP: 4/4
  2349 | D:3      | Identified a +0 hand axe of electrocution (You took it off an orc on level 3 of the Dungeon)
  2424 | D:3      | Reached XP level 6. HP: 58/58 MP: 5/5
  2627 | D:3      | Found a runed door.
  2724 | D:3      | Found a glowing golden altar of the Shining One.
  2735 | D:3      | Became a worshipper of the Shining One
  2736 | D:3      | hittemv20vhard: !lg
  2800 | D:3      | Reached skill level 1 in Axes
  2995 | D:4      | Reached skill level 2 in Axes
  3074 | D:4      | Noticed Sigmund
  3099 | D:4      | Killed Sigmund
  3099 | D:4      | Reached skill level 4 in Axes
  3275 | D:4      | Identified 4 scrolls of fog
  3276 | D:4      | Identified 3 scrolls of identify
  3276 | D:4      | Identified 2 scrolls of fear
  3277 | D:4      | Identified 2 potions of degeneration
  3279 | D:4      | Identified 2 potions of agility
  3280 | D:4      | Identified a ring of magical power (You found it on level 1 of the Dungeon)
  3281 | D:4      | Identified a ring of protection (You found it on level 2 of the Dungeon)
  3283 | D:4      | Identified a ring of dexterity (You found it on level 2 of the Dungeon)
  3296 | D:4      | Noticed a slave
  3297 | D:4      | Noticed Pikel
  3297 | D:4      | Noticed a slave
  3300 | D:4      | Noticed a slave
  3321 | D:4      | Noticed a slave
  3332 | D:3      | Killed a slave
  3337 | D:3      | Killed a slave
  3431 | D:3      | Killed Pikel
  3431 | D:3      | Reached skill level 7 in Axes
  3431 | D:3      | Reached XP level 7. HP: 62/64 MP: 6/6
  3612 | D:4      | Identified a ring of positive energy (You found it on level 4 of the Dungeon)
  3653 | D:4      | Found a shimmering altar of Xom.
  3745 | D:4      | Reached skill level 8 in Axes
  3758 | D:4      | Identified a +0 buckler (You found it on level 4 of the Dungeon)
  3824 | D:4      | Reached XP level 8. HP: 56/71 MP: 7/7
  3913 | D:4      | Noticed Eustachio
  3944 | D:4      | Killed Eustachio
  3944 | D:4      | Reached skill level 9 in Axes
  4101 | D:4      | Learned a level 2 spell: Passwall
  4190 | D:5      | Entered Level 5 of the Dungeon
  4219 | D:5      | Noticed Prince Ribbit
  4237 | D:5      | Identified a ring of stealth (You found it on level 5 of the Dungeon)
  4249 | D:5      | Found a stormy altar of Qazlal.
  4459 | D:5      | Reached skill level 10 in Axes
  4686 | D:5      | Found a snail-covered altar of Cheibriados.
  4687 | D:5      | Found an opulent altar of Gozag.
  4801 | D:5      | Killed Prince Ribbit
  4801 | D:5      | Reached skill level 11 in Axes
  4949 | D:5      | Identified a ring of fire (You found it on level 5 of the Dungeon)
  5322 | D:6      | Reached XP level 9. HP: 58/77 MP: 8/8
  5331 | D:6      | Reached skill level 12 in Axes
  5559 | D:6      | Reached * piety under the Shining One
  5559 | D:6      | Reached skill level 4 in Armour
  5656 | D:6      | Identified a cursed +0 leather armour (You found it on level 6 of the Dungeon)
  5677 | D:6      | Learned a level 2 spell: Swiftness
  5694 | D:6      | Found a snail-covered altar of Cheibriados.
  5727 | D:6      | Reached skill level 2 in Dodging
  5962 | D:6      | Reached skill level 7 in Fighting
  5962 | D:6      | Reached skill level 3 in Dodging
  6348 | D:6      | Reached skill level 5 in Armour
  6907 | D:7      | Noticed Joseph
  7006 | D:7      | Noticed a cyclops
  7216 | D:6      | Killed Joseph
  7216 | D:6      | Reached skill level 6 in Armour
  7216 | D:6      | Reached skill level 4 in Dodging
  7227 | D:6      | Killed a cyclops
  7227 | D:6      | Reached skill level 8 in Fighting
  7227 | D:6      | Reached XP level 10. HP: 78/88 MP: 9/9
  7350 | D:7      | Found a burning altar of Makhleb.
  7382 | D:7      | Identified a potion of cancellation
  7386 | D:7      | Found a staircase to the Ecumenical Temple.
  7392 | Temple   | Entered the Ecumenical Temple
  7459 | D:7      | Reached ** piety under the Shining One
  7489 | D:7      | Reached skill level 7 in Armour
  7489 | D:7      | Reached skill level 5 in Dodging
  7859 | D:7      | Noticed an orc knight
  7861 | D:7      | Noticed an orc knight
  8237 | D:8      | Reached skill level 9 in Fighting
  8252 | D:8      | Noticed a two-headed ogre
  8281 | D:8      | Killed a two-headed ogre
  8281 | D:8      | Reached skill level 13 in Axes
  8281 | D:8      | Reached skill level 8 in Armour
  8281 | D:8      | Reached skill level 6 in Dodging
  8494 | D:8      | Identified a +4 chain mail of cold resistance (You found it on level 8 of the Dungeon)
  8520 | D:8      | Identified a ring of protection from cold (You found it on level 8 of the Dungeon)
  8732 | D:8      | Reached *** piety under the Shining One
  8861 | D:8      | Identified a +0 demon blade of electrocution (You found it on level 8 of the Dungeon)
  9423 | D:9      | Found a shattered altar of Ashenzari.
  9531 | D:9      | Found a staircase to the Orcish Mines.
  9547 | D:9      | Reached skill level 7 in Dodging
  9626 | D:9      | Reached XP level 11. HP: 99/99 MP: 10/10
  9635 | D:9      | Reached skill level 10 in Fighting
  9643 | D:9      | Reached skill level 9 in Armour
 10124 | D:9      | Reached skill level 1 in Invocations
 10181 | D:9      | Paralysed by a hornet for 3 turns
 10187 | D:9      | Paralysed by a hornet for 1 turns
 10532 | D:9      | Found a deep blue altar of Sif Muna.
 10532 | D:9      | Found a sparkling altar of Nemelex Xobeh.
 10537 | D:9      | Found a hazy altar of Hepliaklqana.
 10543 | D:9      | Found a faded altar of an unknown god.
 10544 | D:9      | Found a faded altar of an unknown god.
 10881 | D:10     | Entered Level 10 of the Dungeon
 10881 | D:10     | Noticed a two-headed ogre
 10890 | D:10     | Noticed a two-headed ogre
 11152 | D:10     | Found a portal to a secret trove of treasure.
 11164 | D:10     | Identified a +0 pair of boots (You found it on level 8 of the Dungeon)
 11412 | D:10     | Got an ancient leather armour
 11426 | D:10     | Noticed a lindwurm
 11426 | D:10     | Reached **** piety under the Shining One
 11427 | D:10     | Noticed a lindwurm
 11431 | D:10     | Noticed a lindwurm
 11432 | D:10     | Noticed a lindwurm
 11556 | D:11     | Noticed a white ugly thing
 11563 | D:10     | Reached skill level 2 in Invocations
 11724 | D:11     | Noticed a two-headed ogre
 11751 | D:10     | Killed a two-headed ogre
 11888 | D:10     | Killed a two-headed ogre
 11888 | D:10     | Reached skill level 8 in Dodging
 11888 | D:10     | Reached skill level 3 in Invocations
 11957 | D:10     | Killed a two-headed ogre
 12077 | D:11     | Noticed Grum
 12101 | D:11     | Killed Grum
 12242 | D:10     | HP: 13/101 [white ugly thing (28)]
 12431 | D:10     | Noticed Fannar
 12556 | D:10     | Killed Fannar
 12556 | D:10     | Reached skill level 11 in Fighting
 12556 | D:10     | Reached skill level 10 in Armour
 12556 | D:10     | Reached skill level 4 in Invocations
 12596 | D:10     | Killed a white ugly thing
 12849 | D:11     | Found a staircase to the Lair.
 12957 | D:11     | Noticed a two-headed ogre
 12968 | D:11     | Killed a two-headed ogre
 12968 | D:11     | Reached skill level 9 in Dodging
 12968 | D:11     | Reached XP level 12. HP: 77/110 MP: 14/14
 12971 | D:11     | Reached skill level 5 in Invocations
 13114 | D:11     | Identified the cursed +0 leather armour "Omolaqy" {-Tele MR+ Int+3 Stlth+} (You took it off a gnoll on level 10 of the Dungeon)
 13130 | D:11     | Identified a ring of wizardry (You took it off an orc on level 10 of the Dungeon)
 13538 | D:11     | Identified 2 scrolls of amnesia
 13832 | D:11     | Identified a cursed +3 hand axe (You took it off a wight on level 11 of the Dungeon)
 13841 | D:11     | Identified a +2 morningstar (You took it off a wight on level 11 of the Dungeon)
 13850 | Lair:1   | Entered Level 1 of the Lair of Beasts
 13869 | Lair:1   | Identified 2 potions of resistance
 13956 | Lair:1   | Reached skill level 6 in Invocations
 14520 | Lair:1   | Reached skill level 14 in Axes
 14929 | Lair:2   | Identified a ring of poison resistance (You took it off a gnoll sergeant on level 9 of the Dungeon)
 15044 | Lair:2   | Identified 2 scrolls of noise
 15275 | Lair:2   | Identified a ring of resist corrosion (You found it on level 2 of the Lair of Beasts)
 15350 | Lair:2   | Reached skill level 7 in Invocations
 16384 | Lair:2   | Reached skill level 12 in Fighting
 16510 | Lair:3   | Reached ***** piety under the Shining One
 16798 | Lair:3   | Identified 5 scrolls of enchant armour
 16799 | Lair:3   | Identified 5 scrolls of enchant weapon
 17015 | Lair:3   | Reached skill level 8 in Invocations
 17200 | Lair:3   | Identified a +1 pair of gloves (You found it on level 3 of the Lair of Beasts)
 17348 | Lair:3   | Reached XP level 13. HP: 118/118 MP: 18/18
 17504 | Lair:3   | Found a staircase to the Shoals.
 17916 | Lair:3   | Identified a +0 large shield (You found it on level 3 of the Lair of Beasts)
 17948 | Lair:3   | Reached skill level 11 in Armour
 18046 | Lair:4   | Learned a level 2 spell: Blink
 18085 | Lair:4   | Found a staircase to the Snake Pit.
 18115 | Lair:4   | Reached skill level 10 in Dodging
 18418 | Lair:4   | Reached skill level 9 in Invocations
 19121 | Lair:5   | Identified 3 potions of mutation
 19533 | Lair:5   | Identified a ring of teleportation (You found it on level 5 of the Lair of Beasts)
 19990 | Lair:5   | Identified an amulet of rage (You found it on level 5 of the Lair of Beasts)
 20045 | Lair:5   | Identified 4 potions of might
 20126 | Lair:5   | Reached skill level 13 in Fighting
 20532 | Lair:6   | Entered Level 6 of the Lair of Beasts
 20570 | Lair:6   | Reached skill level 12 in Armour
 20581 | Lair:6   | Reached skill level 11 in Dodging
 20990 | Lair:6   | Reached skill level 10 in Invocations
 21200 | Lair:6   | Reached XP level 14. HP: 54/129 MP: 12/20
 22219 | Lair:6   | Identified a scarf of cloud immunity (You found it on level 6 of the Lair of Beasts)
 22229 | Lair:6   | Identified a +1 cloak
 22589 | Lair:6   | Found a staircase to the Slime Pits.
 22839 | Lair:6   | Identified 3 potions of flight
 23339 | Lair:6   | Reached skill level 14 in Fighting
 23583 | Orc:1    | Entered Level 1 of the Orcish Mines
 23651 | Orc:1    | Noticed Urug
 23671 | Orc:1    | Killed Urug
 23671 | Orc:1    | Reached skill level 13 in Armour
 23678 | Orc:1    | Identified a +10 demon trident (You took it off Urug on level 1 of the Orcish Mines)
 23857 | Orc:2    | Entered Level 2 of the Orcish Mines
 23871 | Orc:2    | Noticed Jumanji's ghost (journeyman MiFi)
 23906 | Orc:2    | Killed Jumanji's ghost
 23911 | Orc:2    | Found a staircase to the Elven Halls.
 24032 | Orc:2    | Found a roughly hewn altar of Beogh.
 24040 | Orc:1    | Found a shimmering altar of Xom.
 24189 | Orc:1    | Identified a +0 troll leather armour
 24393 | Orc:1    | You fall through a shaft!
 24474 | Orc:2    | Reached skill level 12 in Dodging
 24557 | Orc:2    | Reached skill level 11 in Invocations
 24597 | Orc:2    | Noticed an orc warlord
 24626 | Orc:2    | Killed an orc warlord
 24679 | Orc:2    | Identified a +0 troll leather armour
 24774 | Orc:2    | Found a roughly hewn altar of Beogh.
 25052 | Orc:2    | Found Puvveoz's General Store.
 25085 | Orc:2    | Bought a scroll of teleportation for 48 gold pieces
 25085 | Orc:2    | Bought a potion of berserk rage for 80 gold pieces
 25198 | Orc:2    | Identified a +0 troll leather armour
 25397 | Orc:2    | Found Litor's Antique Armour Shoppe.
 25401 | Orc:2    | Identified a +0 troll leather armour
 25411 | Orc:2    | Bought a spiked plate armour for 644 gold pieces
 25425 | Orc:2    | Identified the cursed +0 plate armour "Iqeta" {*Drain rF+ rN+} (You bought it in a shop on level 2 of the Orcish Mines)
 25473 | Orc:2    | Found Pyalemomi's Antique Weapon Shoppe.
 25488 | Orc:2    | Found Venaume's Jewellery Shoppe.
 25495 | Orc:2    | Bought an uncursed amulet of faith for 480 gold pieces
 25929 | D:3      | Noticed Crazy Yiuf
 25935 | D:3      | Killed Crazy Yiuf
 26328 | D:7      | Identified a ring of protection from magic (You took it off an orc on level 7 of the Dungeon)
 26331 | D:7      | Identified 3 scrolls of vulnerability
 26571 | D:7      | Noticed Duvessa
 26578 | D:7      | Killed Duvessa
 26596 | D:7      | Noticed Dowan
 26604 | D:7      | Killed Dowan
 27349 | D:10     | Got a transparent pewter ring
 27353 | D:10     | Identified the ring of Xonnegus {rPois rN+ MR+} (You found it on level 10 of the Dungeon)
 27358 | D:10     | Identified a ring of strength (You found it on level 10 of the Dungeon)
 27366 | D:10     | Identified Rufako's Compendium of Fire and Beguiling
 27503 | D:12     | Reached skill level 14 in Armour
 27503 | D:12     | Reached XP level 15. HP: 139/139 MP: 22/22
 28145 | D:13     | Reached skill level 15 in Fighting
 28145 | D:13     | Reached skill level 13 in Dodging
 28149 | D:13     | Identified +0 acid dragon scales
 28266 | D:13     | HP: 32/141 [vault guard/long sword of draining (6)]
 28674 | D:13     | Reached skill level 1 in Shields
 28756 | D:13     | Identified 4 potions of heal wounds
 28877 | D:13     | Identified a +2 pair of gloves (You found it on level 13 of the Dungeon)
 28883 | D:13     | Found Daecek's General Store.
 28913 | D:13     | Bought 2 scrolls of teleportation for 108 gold pieces
 28989 | D:13     | Found a gate to the Vaults.
 29101 | D:14     | Reached skill level 2 in Shields
 29596 | D:14     | Found a white marble altar of Elyvilon.
 29597 | D:14     | Reached ****** piety under the Shining One
 29607 | D:14     | Reached skill level 3 in Shields
 29639 | D:14     | Identified +0 acid dragon scales
 29921 | D:14     | Found Tomus's Gadget Boutique.
 29929 | D:14     | Bought a sack of spiders for 340 gold pieces
 29929 | D:14     | Bought a wand of paralysis (10/24) for 204 gold pieces
 30118 | Orc:1    | Identified a +10 trishula of holy wrath (a +10 demon trident blessed by the Shining One)
 30118 | Orc:1    | Received a gift from the Shining One
 30263 | D:15     | Entered Level 15 of the Dungeon
 30282 | D:15     | Reached skill level 1 in Polearms
 30291 | D:15     | Reached skill level 2 in Polearms
 30299 | D:15     | Reached skill level 3 in Polearms
 30471 | D:15     | Reached skill level 4 in Polearms
 30493 | D:15     | Reached skill level 5 in Polearms
 30501 | D:15     | Identified 3 scrolls of silence
 30579 | D:15     | Reached skill level 6 in Polearms
 30595 | D:15     | Identified 3 potions of brilliance
 30640 | D:15     | Reached skill level 7 in Polearms
 30721 | D:15     | Reached skill level 8 in Polearms
 30924 | D:15     | Identified a scarf of spirit shield (You found it on level 15 of the Dungeon)
 31121 | D:15     | Gained mutation: Your body sometimes deteriorates upon taking damage. [a shining eye]
 31160 | D:15     | Reached skill level 9 in Polearms
 31172 | D:15     | Reached XP level 16. HP: 131/149 MP: 23/23
 31173 | D:15     | Lost mutation: Your body sometimes deteriorates upon taking damage. [potion of mutation]
 31173 | D:15     | Gained mutation: Armour fits poorly on your strangely shaped body. [potion of mutation]
 31173 | D:15     | Gained mutation: Your spells are a little harder to cast, but a little more powerful. [potion of mutation]
 31174 | D:15     | Lost mutation: Armour fits poorly on your strangely shaped body. [potion of mutation]
 31174 | D:15     | Lost mutation: Your spells are a little harder to cast, but a little more powerful. [potion of mutation]
 31174 | D:15     | Gained mutation: Your spells are a little easier to cast, but a little less powerful. [potion of mutation]
 31174 | D:15     | Gained mutation: Your muscles are strong. (Str +2) [potion of mutation]
 31174 | D:15     | Gained mutation: You have sharp fingernails. [potion of mutation]
 31174 | D:15     | Gained mutation: Your system is resistant to poisons. (rPois) [potion of mutation]
 31441 | D:15     | Reached skill level 10 in Polearms
 31512 | D:15     | Identified a scarf of spirit shield (You found it on level 15 of the Dungeon)
 31958 | D:15     | Found a staircase to the Depths.
 32188 | D:15     | Reached skill level 11 in Polearms
 32889 | D:13     | Reached skill level 12 in Polearms
 33110 | Snake:1  | Entered Level 1 of the Snake Pit
 33410 | Snake:1  | Reached skill level 13 in Polearms
 33696 | Snake:1  | Noticed Josephine
 33700 | Snake:1  | Killed Josephine
 34265 | Snake:2  | Reached skill level 14 in Polearms
 34779 | Snake:2  | Reached skill level 4 in Shields
 34897 | Snake:2  | Noticed Saint Roka
 34968 | Snake:2  | Killed Saint Roka
 34968 | Snake:2  | Reached skill level 5 in Shields
 34973 | Snake:2  | Reached skill level 6 in Shields
 35368 | Snake:2  | Reached skill level 7 in Shields
 35786 | Snake:2  | Reached XP level 17. HP: 144/156 MP: 8/24
 35951 | Snake:2  | Reached skill level 8 in Shields
 36318 | Snake:2  | Reached skill level 9 in Shields
 36966 | Snake:3  | Reached skill level 10 in Shields
 37355 | Snake:3  | Reached skill level 11 in Shields
 37358 | Snake:3  | Identified 4 potions of lignification
 37619 | Snake:3  | Found Unashra's Jewellery Emporium.
 37636 | Snake:3  | Bought a +5 amulet of reflection for 659 gold pieces
 38066 | Snake:3  | Reached skill level 12 in Shields
 38140 | Snake:4  | Entered Level 4 of the Snake Pit
 38564 | Snake:4  | Reached skill level 13 in Shields
 38586 | Snake:4  | Identified 3 scrolls of brand weapon
 38677 | Snake:4  | Reached skill level 1 in Evocations
 38945 | Snake:4  | Reached skill level 2 in Evocations
 39410 | Snake:4  | Got a translucent hand crossbow
 39477 | Snake:4  | Reached skill level 3 in Evocations
 39527 | Snake:4  | Reached skill level 4 in Evocations
 39925 | Snake:4  | Reached skill level 15 in Armour
 40098 | Snake:4  | Reached XP level 18. HP: 155/163 MP: 25/25
 40117 | Snake:4  | Reached skill level 5 in Evocations
 40153 | Snake:4  | Reached skill level 12 in Invocations
 40406 | Snake:4  | Reached skill level 14 in Shields
 40534 | Snake:4  | Got a serpentine rune of Zot
 40645 | Snake:4  | Identified a +2 shield (You took it off a naga warrior on level 4 of the Snake Pit)
 40779 | Snake:2  | Identified a +0 plate armour of fire resistance (You took it off Saint Roka on level 2 of the Snake Pit)
 41026 | Orc:2    | Identified a +3 plate armour (You took it off an orc warrior on level 2 of the Orcish Mines)
 41211 | Shoals:1 | Entered Level 1 of the Shoals
 41211 | Shoals:1 | Noticed Louise
 41233 | Shoals:1 | Killed Louise
 41491 | Shoals:1 | Identified a ring of ice (You found it on level 1 of the Shoals)
 42333 | Shoals:2 | Identified 2 scrolls of blinking
 42351 | Shoals:2 | Found Zifoduar's Magic Scroll Shop.
 42371 | Shoals:2 | Bought a scroll of identify for 30 gold pieces
 42371 | Shoals:2 | Bought a scroll of teleportation for 45 gold pieces
 42371 | Shoals:2 | Bought a scroll of identify for 30 gold pieces
 42372 | Shoals:2 | Identified 2 potions of magic
 42373 | Shoals:2 | Identified 2 scrolls of random uselessness
 42426 | Shoals:2 | Reached skill level 6 in Evocations
 42478 | Shoals:2 | Reached skill level 16 in Fighting
 43385 | Shoals:3 | Noticed Polyphemus
 43613 | Shoals:3 | Reached skill level 15 in Shields
 43896 | Shoals:3 | Killed Polyphemus
 43908 | Shoals:4 | Entered Level 4 of the Shoals
 43922 | Shoals:4 | Noticed Ilsuiw
 43945 | Shoals:4 | Killed Ilsuiw
 43958 | Shoals:4 | Reached skill level 14 in Dodging
 43990 | Shoals:4 | Reached skill level 16 in Armour
 44179 | Shoals:4 | Identified 2 scrolls of torment
 44395 | Shoals:4 | Reached XP level 19. HP: 174/174 MP: 27/27
 44717 | Shoals:4 | Reached skill level 7 in Evocations
 44804 | Shoals:4 | Got a barnacled rune of Zot
 45444 | Vaults:1 | Entered Level 1 of the Vaults
 45501 | Vaults:1 | Reached skill level 17 in Fighting
 45740 | Vaults:1 | Got a bone morningstar
 45741 | Vaults:1 | Identified the +11 morningstar of Bethroag {antimagic, +Fly Str+2} (You found it on level 1 of the Vaults)
 45922 | Vaults:1 | Identified 2 scrolls of recharging
 45974 | Vaults:1 | Reached skill level 16 in Shields
 46500 | Vaults:1 | Identified a scroll of summoning
 46971 | Vaults:1 | Identified a scroll of holy word
 47181 | Vaults:2 | Found Yshut's Book Emporium.
 47226 | Vaults:2 | Reached skill level 8 in Evocations
 47308 | Vaults:2 | Reached skill level 1 in Maces & Flails
 47499 | Vaults:2 | Found a staircase to the Crypt.
 47670 | Vaults:2 | Noticed a deep elf demonologist
 47679 | Vaults:2 | Killed a deep elf demonologist
 48104 | Vaults:2 | Reached XP level 20. HP: 187/187 MP: 28/28
 48174 | Vaults:2 | Reached skill level 18 in Fighting
 48325 | Vaults:2 | Reached skill level 15 in Dodging
 48341 | Vaults:2 | Reached skill level 2 in Maces & Flails
 48341 | Vaults:2 | Reached skill level 17 in Armour
 48354 | Vaults:2 | Reached skill level 17 in Shields
 48855 | Crypt:1  | Entered Level 1 of the Crypt
 48945 | Crypt:1  | Reached skill level 3 in Maces & Flails
 49579 | Crypt:2  | Reached skill level 4 in Maces & Flails
 49598 | Crypt:2  | Noticed a curse skull
 50255 | Crypt:2  | Killed a curse skull
 50324 | Crypt:2  | Reached skill level 9 in Evocations
 50616 | Crypt:2  | Reached skill level 19 in Fighting
 50663 | Crypt:2  | Reached skill level 5 in Maces & Flails
 50775 | Crypt:2  | Noticed a curse skull
 50787 | Crypt:2  | Killed a curse skull
 50797 | Crypt:2  | Reached skill level 18 in Shields
 50797 | Crypt:2  | Reached XP level 21. HP: 154/198 MP: 29/29
 51018 | Crypt:2  | Noticed a lich
 51035 | Crypt:2  | Killed a lich
 51067 | Crypt:2  | Identified a cursed -1 plate armour (You found it on level 2 of the Crypt)
 51152 | Crypt:3  | Entered Level 3 of the Crypt
 51152 | Crypt:3  | Noticed a curse skull
 51156 | Crypt:3  | Noticed an ancient lich
 51269 | Crypt:3  | Killed an ancient lich
 51272 | Crypt:3  | Killed a curse skull
 51272 | Crypt:3  | Reached skill level 6 in Maces & Flails
 51388 | Crypt:3  | Noticed a curse skull
 51391 | Crypt:3  | Killed a curse skull
 51646 | Crypt:3  | Noticed a lich
 51652 | Crypt:3  | Killed a lich
 51669 | Crypt:3  | Reached skill level 16 in Dodging
 51682 | Crypt:3  | Reached skill level 18 in Armour
 51690 | Crypt:3  | Reached skill level 10 in Evocations
 51696 | Crypt:3  | Reached skill level 7 in Maces & Flails
 51793 | Crypt:3  | Found an ancient bone altar of Kikubaaqudgha.
 51795 | Crypt:3  | Found a basalt altar of Yredelemnul.
 51807 | Crypt:3  | Got a coiled lapis lazuli ring
 51809 | Crypt:3  | Identified a scroll of immolation
 51813 | Crypt:3  | Got a polished plate armour
 51824 | Crypt:3  | Identified the +10 plate armour of Shielding {rC+ rCorr} (You found it on level 3 of the Crypt)
 51826 | Crypt:3  | Identified the ring "Kunt" {rN+ Str+3} (You found it on level 3 of the Crypt)
 51830 | Crypt:3  | Got a shimmering bone ring
 51830 | Crypt:3  | Got a fine iron ring
 51831 | Crypt:3  | Identified the ring of Edoemuz {rN+ Dex+4 SInv} (You found it on level 3 of the Crypt)
 51834 | Crypt:3  | Identified the ring "Kicria" {rN+ MR+ Dex+4 Slay+5} (You found it on level 3 of the Crypt)
 52015 | Crypt:3  | Found a staircase to the Tomb.
 52118 | Crypt:3  | Identified a +2 pair of boots (You found it on level 3 of the Crypt)
 52914 | Vaults:3 | Reached skill level 8 in Maces & Flails
 52966 | Vaults:3 | Reached XP level 22. HP: 201/207 MP: 30/30
 53826 | Vaults:4 | Reached skill level 13 in Invocations
 53847 | Vaults:4 | Reached skill level 19 in Shields
 53913 | Vaults:4 | Found Cekawk's Magic Scroll Shoppe.
 53919 | Vaults:4 | Bought a scroll of identify for 46 gold pieces
 53919 | Vaults:4 | Bought a scroll of identify for 46 gold pieces
 53919 | Vaults:4 | Bought a scroll of teleportation for 69 gold pieces
 53919 | Vaults:4 | Bought a scroll of summoning for 218 gold pieces
 53919 | Vaults:4 | Bought a scroll of teleportation for 69 gold pieces
 53959 | Vaults:4 | Noticed Sojobo
 53960 | Vaults:4 | Reached skill level 9 in Maces & Flails
 53977 | Vaults:4 | Reached skill level 20 in Fighting
 54017 | Vaults:4 | Killed Sojobo
 54770 | Vaults:4 | Identified +0 fire dragon scales
 54906 | Vaults:4 | Noticed an entropy weaver
 54918 | Vaults:4 | Identified +0 fire dragon scales
 54932 | Vaults:4 | Killed an entropy weaver
 55029 | Vaults:4 | Reached skill level 10 in Maces & Flails
 55425 | Depths:1 | Entered Level 1 of the Depths
 55487 | Depths:1 | Reached skill level 17 in Dodging
 55589 | Depths:1 | Reached skill level 11 in Evocations
 55639 | Depths:1 | Found a gateway to a ziggurat.
 55694 | Depths:1 | Found a one-way gate to the infinite horrors of the Abyss.
 55719 | Depths:1 | Found a gateway to Hell.
 56069 | Depths:1 | Reached XP level 23. HP: 217/217 MP: 32/32
 56594 | Depths:2 | Reached skill level 19 in Armour
 56630 | Depths:2 | Found a one-way gate leading to the halls of Pandemonium.
 56699 | Depths:2 | Reached skill level 11 in Maces & Flails
 57666 | Depths:3 | Found Reakukhliown's Elemental Accessories.
 57737 | Depths:3 | Identified a +0 troll leather armour
 57750 | Depths:3 | Identified a +0 troll leather armour
 57753 | Depths:3 | Identified a +0 troll leather armour
 57753 | Depths:3 | Reached skill level 14 in Invocations
 57947 | Depths:3 | Identified a potion of ambrosia
 57948 | Depths:3 | Identified a potion of invisibility
 58032 | Depths:3 | Noticed Jorgrun
 58048 | Depths:3 | Killed Jorgrun
 58057 | Depths:3 | Identified a +0 troll leather armour
 58147 | Depths:3 | Identified a +0 troll leather armour
 58319 | Depths:3 | Noticed a lich
 58329 | Depths:3 | Killed a lich
 58330 | Depths:3 | Noticed a lich
 58346 | Depths:3 | Killed a lich
 58346 | Depths:3 | Reached skill level 12 in Maces & Flails
 58354 | Depths:3 | Reached skill level 20 in Shields
 58382 | Depths:3 | Identified quicksilver dragon scales
 58402 | Depths:3 | Reached skill level 21 in Fighting
 58402 | Depths:3 | Reached XP level 24. HP: 128/228 MP: 29/32
 58413 | Depths:3 | Noticed a lich
 58419 | Depths:3 | Identified +0 gold dragon scales
 58421 | Depths:3 | Killed a lich
 58625 | Depths:3 | Noticed a lich
 58628 | Depths:3 | Killed a lich
 58745 | Depths:3 | Noticed a juggernaut
 58772 | Depths:3 | Identified +0 gold dragon scales
 58772 | Depths:3 | Reached skill level 12 in Evocations
 58775 | Depths:3 | Killed a juggernaut
 58784 | Depths:3 | Identified +0 gold dragon scales
 59019 | Depths:3 | Reached skill level 18 in Dodging
 59158 | Depths:3 | Identified a scarf of repulsion (You found it on level 3 of the Depths)
 59226 | Depths:3 | Identified Riorox's Tome of Unstable Envenoming
 59266 | Depths:3 | Got a slimy robe
 59883 | Depths:4 | Identified a +0 troll leather armour
 59918 | Depths:4 | Got a shimmering amethyst amulet
 59965 | Depths:4 | Got an encrusted lajatang
 59972 | Depths:4 | Identified the +5 lajatang of Unemos Boqo {holy, rPois Int+3 SInv} (You found it on level 4 of the Depths)
 60191 | Depths:4 | Reached skill level 20 in Armour
 60241 | Depths:4 | Noticed a lich
 60304 | Depths:4 | Noticed Margery
 60329 | Depths:4 | Killed Margery
 60350 | Depths:4 | Reached skill level 13 in Maces & Flails
 60485 | Depths:4 | Noticed Xtahua
 60489 | Depths:4 | Paralysed by Xtahua for 6 turns
 61044 | Depths:4 | Killed Xtahua
 61164 | Depths:4 | Noticed a lich
 61166 | Depths:4 | Killed a lich
 61168 | Depths:4 | Identified a +0 troll leather armour
 61173 | Depths:4 | Identified +0 fire dragon scales
 61181 | Depths:4 | Identified a +0 troll leather armour
 61377 | Depths:4 | Noticed a juggernaut
 61381 | Depths:4 | Noticed a juggernaut
 61386 | Depths:4 | Killed a juggernaut
 61408 | Depths:4 | Killed a juggernaut
 61408 | Depths:4 | Reached skill level 15 in Invocations
 61597 | Depths:4 | Identified +0 shadow dragon scales
 61651 | Depths:4 | Noticed a lich
 61654 | Depths:4 | Killed a lich
 61687 | Depths:4 | Noticed a lich
 61692 | Depths:4 | Reached XP level 25. HP: 228/236 MP: 31/33
 61697 | Depths:4 | Noticed a lich
 61702 | Depths:4 | Killed a lich
 61703 | Depths:4 | Noticed a lich
 61708 | Depths:4 | Killed a lich
 61716 | Depths:4 | Killed a lich
 61895 | Depths:4 | Identified the amulet "Feylaaps" {+Rage rElec Dex+4} (You found it on level 4 of the Depths)
 62092 | Depths:5 | Entered Level 5 of the Depths
 62145 | Depths:5 | Identified a +0 troll leather armour
 62201 | Depths:5 | Reached skill level 13 in Evocations
 62212 | Depths:5 | Identified a +0 troll leather armour
 62280 | Depths:5 | Found a gate to the Realm of Zot.
 62333 | Depths:5 | Reached skill level 14 in Maces & Flails
 62862 | Depths:5 | Reached skill level 21 in Shields
 63661 | Vaults:5 | Entered Level 5 of the Vaults
 63666 | Vaults:5 | Noticed a lich
 63683 | Vaults:4 | Reached skill level 22 in Fighting
 63685 | Vaults:4 | Killed a lich
 63844 | Vaults:5 | Noticed an entropy weaver
 63844 | Vaults:5 | a storm dragon changed into an entropy weaver
 63846 | Vaults:5 | an entropy weaver changed into a storm dragon
 63897 | Vaults:5 | Reached skill level 19 in Dodging
 63913 | Vaults:5 | Identified the Compendium of Unholy Shape Shifting
 63934 | Vaults:5 | Identified +0 shadow dragon scales
 63945 | Vaults:5 | Reached skill level 21 in Armour
 63982 | Vaults:5 | Got a silver rune of Zot
 64052 | Vaults:5 | Noticed a deep elf sorcerer
 64068 | Vaults:5 | Killed a deep elf sorcerer
 64156 | Vaults:5 | Reached skill level 16 in Invocations
 64177 | Vaults:5 | Identified a +0 troll leather armour
 64185 | Vaults:5 | Identified a +0 troll leather armour
 64224 | Vaults:5 | Noticed a deep elf sorcerer
 64231 | Vaults:5 | Killed a deep elf sorcerer
 64236 | Vaults:5 | Reached XP level 26. HP: 248/248 MP: 34/34
 64250 | Vaults:5 | Identified +0 fire dragon scales
 64258 | Vaults:5 | Noticed an ancient lich
 64269 | Vaults:5 | Killed an ancient lich
 64373 | Vaults:5 | Identified +0 shadow dragon scales
 64774 | Vaults:5 | Identified the +4 storm dragon scales of Ipeeqes {rElec MP+9 Dex+2} (You found it on level 5 of the Vaults)
 64814 | Vaults:5 | Reached skill level 14 in Evocations
 65021 | Vaults:5 | Identified a cursed +0 pair of boots (You found it on level 5 of the Vaults)
 65096 | Vaults:5 | Identified a +0 troll leather armour
 65442 | Elf:1    | Entered Level 1 of the Elven Halls
 65464 | Elf:1    | Found a radiant altar of Vehumet.
 65504 | Elf:1    | Noticed a deep elf sorcerer
 65516 | Elf:1    | Killed a deep elf sorcerer
 65641 | Elf:1    | Noticed a deep elf sorcerer
 65648 | Elf:1    | Reached skill level 22 in Shields
 65650 | Elf:1    | Killed a deep elf sorcerer
 66042 | Elf:1    | Noticed Asterion
 66055 | Elf:1    | Killed Asterion
 66073 | Elf:1    | Noticed Kirke
 66083 | Elf:1    | Killed Kirke
 66202 | Elf:1    | Found Zeaphe's Food Emporium.
 66354 | Elf:2    | Found Innin's Magic Scroll Boutique.
 66378 | Elf:2    | Bought a scroll of identify for 24 gold pieces
 66378 | Elf:2    | Bought a scroll of teleportation for 36 gold pieces
 66378 | Elf:2    | Bought a scroll of identify for 24 gold pieces
 66378 | Elf:2    | Bought a scroll of identify for 24 gold pieces
 66378 | Elf:2    | Bought a scroll of identify for 24 gold pieces
 66378 | Elf:2    | Bought a scroll of identify for 24 gold pieces
 66441 | Elf:2    | Found a huge runed gate.
 66441 | Elf:2    | Found a huge runed gate.
 66442 | Elf:2    | Found a huge runed gate.
 66445 | Elf:2    | Found a huge runed gate.
 66449 | Elf:2    | Found a huge runed gate.
 67065 | Elf:2    | Noticed a deep elf demonologist
 67070 | Elf:2    | Killed a deep elf demonologist
 67162 | Elf:2    | Found a radiant altar of Vehumet.
 67229 | Elf:2    | Identified the Guide on Fire and the Glacier
 67318 | Elf:3    | Entered Level 3 of the Elven Halls
 67458 | Elf:3    | Found a flickering gateway to a bazaar.
 67481 | Bazaar   | Entered a bazaar
 67481 | Bazaar   | Found Kauluit's Distillery.
 67481 | Bazaar   | Found Oxuapn's Gadget Emporium.
 67499 | Bazaar   | Found Pine Eke's Antique Weapon Boutique.
 67521 | Bazaar   | Found Dyga's General Store.
 67533 | Bazaar   | Found Nionkij's Antique Armour Boutique.
 67549 | Bazaar   | Bought an encrusted crystal plate armour for 2125 gold pieces
 67552 | Bazaar   | Identified the +10 crystal plate armour "Vumaocsi" {rPois Regen+ Str+8} (You bought it in a shop in a bazaar)
 67573 | Bazaar   | Bought a fan of gales for 360 gold pieces
 67573 | Bazaar   | Bought a box of beasts for 180 gold pieces
 67573 | Bazaar   | Bought a box of beasts for 180 gold pieces
 67581 | Bazaar   | Bought a potion of heal wounds for 55 gold pieces
 67581 | Bazaar   | Bought a potion of agility for 44 gold pieces
 67581 | Bazaar   | Bought a potion of ambrosia for 88 gold pieces
 67581 | Bazaar   | Bought a potion of resistance for 110 gold pieces
 67581 | Bazaar   | Bought a potion of resistance for 110 gold pieces
 67581 | Bazaar   | Bought a potion of curing for 33 gold pieces
 67581 | Bazaar   | Bought a potion of magic for 88 gold pieces
 67581 | Bazaar   | Bought a potion of mutation for 88 gold pieces
 67711 | Elf:3    | Noticed Aizul
 67722 | Elf:3    | Killed Aizul
 67722 | Elf:3    | Reached skill level 23 in Fighting
 67828 | Elf:3    | Noticed Roxanne
 67852 | Elf:3    | Killed Roxanne
 67857 | Elf:3    | Identified Roxanne's Disquisition on the Rocks (You took it off Roxanne on level 3 of the Elven Halls)
 68189 | Elf:3    | Noticed a deep elf demonologist
 68205 | Elf:3    | Reached skill level 20 in Dodging
 68216 | Elf:3    | Noticed a deep elf sorcerer
 68218 | Elf:3    | Killed a deep elf demonologist
 68221 | Elf:3    | Killed a deep elf sorcerer
 68223 | Elf:3    | Noticed a deep elf demonologist
 68224 | Elf:3    | Noticed a deep elf demonologist
 68236 | Elf:3    | Noticed a deep elf sorcerer
 68258 | Elf:3    | Killed a deep elf sorcerer
 68283 | Elf:3    | Reached skill level 22 in Armour
 68283 | Elf:3    | Reached XP level 27. HP: 249/258 MP: 12/34
 68295 | Elf:3    | Killed a deep elf demonologist
 68300 | Elf:3    | Killed a deep elf demonologist
 68354 | Elf:3    | Noticed a deep elf sorcerer
 68365 | Elf:3    | Noticed a deep elf demonologist
 68365 | Elf:3    | Noticed a deep elf sorcerer
 68378 | Elf:3    | Killed a deep elf sorcerer
 68381 | Elf:3    | Killed a deep elf sorcerer
 68401 | Elf:3    | Noticed an Ice Fiend
 68422 | Elf:3    | Killed a deep elf demonologist
 68468 | Elf:3    | Noticed a deep elf demonologist
 68476 | Elf:3    | Killed a deep elf demonologist
 68484 | Elf:3    | Got a smoking glaive {protect}
 68518 | Elf:3    | Identified a +1 hat (You found it on level 3 of the Elven Halls)
 68544 | Elf:3    | Identified the amulet "Coikatuyxt" {Spirit rF+ rC+ rN+} (You found it on level 3 of the Elven Halls)
 68555 | Elf:3    | Identified the ring "Baole" {rPois Dex+2} (You found it on level 3 of the Elven Halls)
 69278 | Zot:1    | Entered Level 1 of the Realm of Zot
 69331 | Zot:1    | Reached skill level 17 in Invocations
 69458 | Zot:2    | Reached skill level 15 in Evocations
 69593 | Zot:2    | Identified quicksilver dragon scales
 69740 | Zot:4    | Identified a +2 pair of gloves (You found it on level 4 of the Realm of Zot)
 69749 | Zot:5    | Entered Level 5 of the Realm of Zot
 69759 | Zot:4    | Identified +0 storm dragon scales
 69843 | Zot:5    | Noticed a curse toe
 69845 | Zot:5    | Killed a curse toe
 69962 | Zot:5    | Identified +0 storm dragon scales
 70368 | Zot:5    | Reached skill level 23 in Shields
 70421 | Zot:5    | Identified +0 storm dragon scales
 70530 | Zot:5    | Noticed an ancient lich
 70547 | Zot:5    | Killed an ancient lich
 70552 | Zot:5    | Noticed an ancient lich
 70560 | Zot:5    | Noticed an orb of fire
 70568 | Zot:5    | Killed an ancient lich
 70583 | Zot:5    | Killed an orb of fire
 70656 | Zot:5    | Noticed an ancient lich
 70659 | Zot:5    | Killed an ancient lich
 70663 | Zot:5    | Noticed an ancient lich
 70665 | Zot:5    | Killed an ancient lich
 70671 | Zot:5    | Noticed an orb of fire
 70681 | Zot:5    | Killed an orb of fire
 70681 | Zot:5    | Reached skill level 24 in Fighting
 70728 | Zot:5    | Reached skill level 23 in Armour
 70747 | Zot:5    | Reached skill level 21 in Dodging
 70762 | Zot:5    | Got the Orb of Zot
 70809 | Zot:5    | Noticed a curse toe
 70818 | Zot:5    | Killed a curse toe
 70818 | Zot:5    | Reached skill level 18 in Invocations
 71309 | D:$      | Escaped with the Orb!

Table legend:
 A = Turns spent in this place as a percentage of turns spent in the entire game.
 B = Non-inter-level travel turns spent in this place as a percentage of non-inter-level travel turns spent in the entire game.
 C = Inter-level travel turns spent in this place as a percentage of turns spent in this place.
 D = Turns resting spent in this place as a percentage of non-inter-level travel turns spent in this place.
 E = Turns spent auto-exploring this place as a percentage of non-inter-level travel turns spent in this place.
 F = Non-inter-level travel turns spent in this place divided by the number of levels of this place that you've seen.
                   A       B       C       D       E      F
               +-------+-------+-------+-------+-------+----------------------
         Total | 100.0 | 100.0 |   0.8 |   0.6 |   7.8 | 392.7
       Dungeon |  25.1 |  24.9 |   1.5 |   0.6 |   9.8 | 351.8
        Temple |   0.0 |   0.0 |   0.0 |   0.0 |   0.0 |   1.0
          Lair |   8.5 |   8.5 |   0.7 |   1.0 |  10.3 | 301.8
        Shoals |   6.7 |   6.6 |   1.4 |   0.0 |   8.7 | 351.2
     Snake Pit |  10.1 |  10.1 |   0.4 |   0.8 |   6.7 | 535.8
  Orcish Mines |   3.2 |   3.2 |   0.9 |   0.4 |   7.1 | 336.5
   Elven Halls |   6.6 |   6.6 |   0.4 |   0.0 |   7.1 | 465.7
        Vaults |  13.4 |  13.5 |   0.5 |   0.1 |   6.9 | 570.6
         Crypt |   8.0 |   8.0 |   0.4 |   0.0 |   8.0 | 565.3
        Depths |  12.8 |  12.9 |   0.5 |   1.0 |   6.6 | 545.6
           Zot |   5.4 |   5.4 |   0.0 |   2.2 |   1.6 | 230.0
        Bazaar |   0.3 |   0.3 |   0.0 |   0.0 |  13.9 |  72.0
               +-------+-------+-------+-------+-------+----------------------

Table legend:
 A = Kills in this place as a percentage of kills in entire the game.
 B = Kills by you in this place as a percentage of kills by you in the entire game.
 C = Kills by friends in this place as a percentage of kills by friends in the entire game.
 D = Other kills in this place as a percentage of other kills in the entire game.
 E = Experience gained in this place as a percentage of experience gained in the entire game.
 F = Experience gained in this place divided by the number of levels of this place that you have seen.
                   A       B       C       D       E      F
               +-------+-------+-------+-------+-------+----------------------
         Total | 100.0 | 100.0 | 100.0 | 100.0 | 100.0 | 32792.8
       Dungeon |  22.1 |  22.7 |   0.0 |   0.0 |   6.4 | 7574.2
          Lair |   7.0 |   7.1 |  11.5 |   0.0 |   3.0 | 8755.2
        Shoals |   5.3 |   5.3 |   0.0 |   8.3 |   4.8 | 21326.2
     Snake Pit |   8.9 |   9.0 |   3.8 |   8.3 |   7.7 | 33942.8
  Orcish Mines |   3.6 |   3.7 |   0.0 |   0.0 |   0.8 | 7011.5
   Elven Halls |   6.2 |   6.4 |   0.0 |   0.0 |   7.8 | 46322.0
        Vaults |  19.7 |  19.1 |  23.1 |  50.0 |  22.6 | 79963.6
         Crypt |   8.9 |   9.2 |   0.0 |   0.0 |  10.8 | 63476.7
        Depths |  14.5 |  14.0 |  30.8 |  33.3 |  23.2 | 81994.4
           Zot |   3.8 |   3.6 |  30.8 |   0.0 |  13.0 | 46076.6
               +-------+-------+-------+-------+-------+----------------------

Skill      XL: |  1  2  3  4  5  6  7  8  9 10 11 12 13 14 15 16 17 18 19 20 21 22 23 24 25 26 27 |
---------------+----------------------------------------------------------------------------------+-----
Fighting       | 3 4 5 6 8 9 11 12 13 14 15 16 17 19 20 21 22 23 24 | 24.1
Armour         | 3 6 8 10 12 14 15 16 17 18 19 20 21 22 23 | 23.1
Axes           | 7 8 11 12 13 14 | 14.4
Dodging        | 4 7 9 11 12 13 14 15 16 17 18 19 20 21 | 21.0
Invocations    | 4 8 10 11 12 13 14 15 16 18 | 18.0
Shields        | 3 7 13 15 16 18 19 20 21 22 23 | 23.5
Polearms       | 9 14 | 14.9
Evocations     | 4 6 8 9 10 11 12 13 14 15 | 15.9
Maces & Flails | 1 5 8 10 12 13 14 | 14.0
Short Blades   | |  2.1
Throwing       | |  2.0
Stealth        | |  3.2

Action                   |  1- 3 |  4- 6 |  7- 9 | 10-12 | 13-15 | 16-18 | 19-21 | 22-24 | 25-27 || total
-------------------------+-------+-------+-------+-------+-------+-------+-------+-------+-------++-------
Melee: Dagger            |    30 |   106 |       |       |       |       |       |       |       ||   136
       Headbutt          |     3 |    26 |    48 |   202 |   356 |   261 |   371 |   490 |   620 ||  2377
       Hand axe          |       |    66 |   249 |   783 |  1306 |       |       |       |       ||  2404
       Morningstar       |       |       |       |    11 |       |       |       |       |   186 ||   197
       Trishula          |       |       |       |       |   201 |  1637 |  1636 |  1665 |  1718 ||  6857
 Fire: Blowgun           |     5 |    27 |    15 |       |       |       |       |       |       ||    47
Throw: Stone             |     1 |     2 |    27 |   126 |       |       |       |       |       ||   156
       Tomahawk          |       |       |       |    54 |    29 |       |       |       |       ||    83
       Javelin           |       |       |       |       |    29 |       |       |       |       ||    29
Invok: Divine Shield     |       |       |       |     2 |    10 |     5 |     5 |    14 |     6 ||    42
       Summon Divine War |       |       |       |       |     1 |     1 |       |     5 |     3 ||    10
       Cleansing Flame   |       |       |       |       |    11 |     8 |     8 |     9 |     3 ||    39
       Brand Weapon With |       |       |       |       |     1 |       |       |       |       ||     1
Evoke: Wand              |       |       |     3 |     7 |    12 |    10 |     1 |     2 |     7 ||    42
       Box of beasts     |       |       |       |       |       |       |     1 |       |       ||     1
  Use: Scroll            |     1 |     8 |     2 |    16 |    10 |     9 |     8 |    13 |    22 ||    89
       Potion            |       |     4 |     2 |     2 |     2 |     3 |     1 |     2 |     7 ||    23
 Stab: Sleeping          |     9 |       |       |       |       |       |       |       |       ||     9
       Paralysed         |       |     1 |       |       |       |       |       |       |       ||     1
  Eat: Chunk             |       |     8 |    12 |    24 |    46 |    26 |    21 |    21 |    24 ||   182
       Meat ration       |       |       |       |     2 |       |       |       |     1 |       ||     3
       Royal jelly       |       |       |       |     1 |       |     4 |     5 |     3 |     8 ||    21
       Fruit             |       |       |       |       |     1 |     4 |       |       |       ||     5
       Bread ration      |       |       |       |       |     1 |     2 |       |       |       ||     3
Armor: Robe              |     1 |       |       |       |       |       |       |       |       ||     1
       Chain mail        |       |    88 |   100 |   281 |   272 |       |       |       |       ||   741
       Plate armour      |       |       |       |       |   231 |   247 |   173 |   270 |   120 ||  1041
       Crystal plate arm |       |       |       |       |       |       |       |       |    57 ||    57
Dodge: Dodged            |    11 |    52 |    58 |   316 |   396 |   464 |   365 |   596 |   551 ||  2809
       Deflected         |       |       |       |       |       |       |       |     8 |    23 ||    31
Block: Buckler           |       |       |    24 |    98 |       |       |       |       |       ||   122
       Large shield      |       |       |       |       |   801 |  1155 |  1353 |  1750 |  1580 ||  6639
       Reflection        |       |       |       |       |       |   152 |   102 |   164 |     1 ||   419

Vanquished Creatures
  2 orbs of fire (Zot:5)
  6 ancient liches
  3 juggernauts
  Margery (Depths:4)
  Saint Roka (Snake:2)
  2 curse toes (Zot:5)
  Xtahua (Depths:4)
  8 golden dragons
  3 bone dragons
  An electric golem (Zot:5)
  Jorgrun (Depths:3)
  A shard shrike skeleton (Crypt:2)
  6 tentacled monstrosities
  22 Orb Guardians
  Asterion (Elf:1)
  12 liches
  2 deep elf master archers (Elf:3)
  4 quicksilver dragons
  3 titans
  3 deep elf blademasters
  7 death cobs
  11 ancient champions
  2 krakens
  8 sphinxes
  10 shadow dragons
  Kirke (Elf:1)
  Roxanne (Elf:3)
  3 draconian monks
  9 storm dragons
  A storm dragon (shapeshifter) (Vaults:5)
  8 tengu reavers
  7 fire giants
  Ilsuiw (Shoals:4)
  3 revenants
  8 nagarajas
  3 draconian knights
  2 draconian scorchers
  8 deep elf sorcerers
  19 vault wardens
  15 frost giants
  2 ghost moths
  A balrug (Depths:2)
  A cacodemon (Depths:2)
  A draconian shifter (Zot:5)
  An iron dragon (Depths:5)
  Aizul (Elf:3)
  8 ghouls
  The ghost of Jumanji the Bludgeoner, a journeyman MiFi of the Shining One (Orc:2)
  Louise (Shoals:1)
  7 draconian stormcallers
  2 orc warlords
  4 spriggan defenders
  5 deep elf elementalists
  A juggernaut skeleton (Depths:2)
  4 reapers
  4 curse skulls
  14 ironheart preservers
  2 draconian annihilators (Zot:1)
  16 stone giants
  A caustic shrike skeleton (Depths:3)
  An entropy weaver (Vaults:4)
  4 black draconians
  31 very ugly things
  5 green draconians
  12 vampire knights
  6 yellow draconians
  7 deep elf demonologists
  8 deep elf annihilators (Elf:3)
  2 purple draconians
  5 white draconians
  5 red draconians
  4 spark wasps
  14 ettins
  4 eidola
  3 crystal guardians
  8 fire dragons
  5 deep elf death magi
  3 merfolk javelineers (Shoals:4)
  13 yaktaur captains
  Josephine (Snake:1)
  A great orb of eyes (shapeshifter) (Vaults:2)
  5 ice dragons
  7 deep elf high priests
  7 merfolk impalers
  8 great orbs of eyes
  10 jiangshi
  7 rakshasas
  36 vault guards
  Fannar (D:10)
  2 quicksilver dragon skeletons (Crypt:1)
  15 naga warriors
  6 spriggan air magi
  A satyr (Shoals:2)
  4 death knights
  2 hydras (D:15)
  5 merfolk aquamancers
  10 anacondas
  5 merfolk avatars
  A satyr (shapeshifter) (D:15)
  26 dancing weapons
  4 catoblepae
  18 ogre magi
  57 two-headed ogres
  11 centaur warriors
  6 deep troll shamans
  4 tengu warriors
  8 deep troll earth magi
  13 death yaks
  An orc high priest (Orc:2)
  14 vampire magi
  7 shock serpents
  A shock serpent (shapeshifter) (D:15)
  3 titan skeletons
  15 naga sharpshooters
  Urug (Orc:1)
  A soul eater (Depths:3)
  A spriggan berserker (Depths:3)
  23 deep elf knights
  2 sun demons (Depths:2)
  33 hell knights
  2 iron trolls (Depths:3)
  A fire crab (shapeshifter) (Vaults:3)
  9 shadow wraiths
  50 skeletal warriors
  5 salamander mystics
  An unseen horror (shapeshifter) (D:15)
  14 sea snakes
  An entropy weaver zombie (Crypt:2)
  6 flayed ghosts
  2 unseen horrors
  6 glowing orange brains
  25 deep trolls
  A ghost moth zombie (Crypt:2)
  4 lindwurms (D:10)
  14 deep elf archers
  2 orange crystal statues
  2 wizards
  13 naga ritualists
  18 phantasmal warriors
  Pikel (D:3)
  18 ironbrand convokers
  18 orc knights
  16 mana vipers
  2 golden dragon skeletons (Crypt:2)
  14 harpies
  A harpy (shapeshifter) (Vaults:1)
  A sphinx zombie (Crypt:1)
  11 necromancers
  2 wolf spider zombies
  An anaconda skeleton (Crypt:2)
  2 fire giant zombies
  72 deep elf magi
  6 wolf spiders
  11 manticores
  5 orc sorcerers
  2 moths of wrath (shapeshifter)
  21 salamanders
  A salamander (shapeshifter) (Vaults:5)
  44 ugly things
  An oklob plant (Lair:4)
  6 fauns
  A shock serpent zombie (Crypt:2)
  A cyclops (shapeshifter) (D:15)
  15 merfolk sirens
  2 frost giant zombies
  47 black mambas
  13 cyclopes
  A stone giant zombie (Depths:2)
  3 centaur zombies
  16 vault sentinels
  A stone giant skeleton (Crypt:2)
  22 naga magi
  9 moths of wrath
  A spriggan zombie (Depths:2)
  2 water nymphs
  9 elephants
  A fire giant skeleton (Crypt:3)
  A frost giant skeleton (Crypt:3)
  A dire elephant zombie (Crypt:1)
  5 guardian serpents
  A guardian serpent (shapeshifter) (Depths:2)
  Joseph (D:6)
  17 spiny frogs
  A rust devil (Depths:2)
  A green draconian zombie (Crypt:3)
  4 orange demons
  2 gargoyles (D:15)
  A smoke demon (Depths:2)
  2 torpor snails (Lair:6)
  A black draconian zombie (Crypt:3)
  A rime drake (shapeshifter) (Vaults:5)
  A hellion (D:4)
  A rime drake (Lair:2)
  2 kobold demonologists
  2 komodo dragons
  6 freezing wraiths
  A small abomination (Elf:3)
  4 hellwings (Depths:3)
  59 yaktaurs
  A guardian mummy (Crypt:3)
  4 ice devils
  A ghost moth simulacrum (Crypt:2)
  An efreet (D:15)
  A queen bee (shapeshifter) (Depths:3)
  A tengu conjurer (Depths:3)
  11 trolls
  2 red devils (Depths:3)
  A wind drake (shapeshifter) (Depths:3)
  A merfolk (shapeshifter) (D:15)
  7 wind drakes
  A meliai (shapeshifter) (Vaults:5)
  A troll (shapeshifter) (Depths:3)
  7 blink frogs
  Prince Ribbit (D:5)
  7 hornets
  17 merfolk
  A polar bear (Lair:5)
  8 snapping turtles
  A slime creature (shapeshifter) (Vaults:5)
  A meliai zombie (D:14)
  2 bog bodies
  34 slime creatures
  19 dream sheep
  A fire dragon zombie (Crypt:2)
  An alligator zombie (Crypt:1)
  A stone giant simulacrum (Crypt:3)
  2 death drake skeletons
  2 ettin zombies
  A snapping turtle (shapeshifter) (Depths:1)
  3 flying skulls (Crypt:2)
  An ice dragon zombie (Crypt:2)
  13 hippogriffs
  A black mamba zombie (Crypt:3)
  11 water elementals
  A spriggan (Depths:1)
  A tarantella (shapeshifter) (Vaults:1)
  Sigmund (D:4)
  8 fire dragon skeletons (Crypt:2)
  7 vampires
  5 shadows
  8 wraiths
  11 air elementals
  2 ettin skeletons
  3 fire elementals
  60 yaks
  Grum (D:11)
  2 hogs (Elf:1)
  13 redbacks
  2 yaks (shapeshifter)
  A hog (shapeshifter) (Depths:3)
  9 hungry ghosts
  An elf zombie (Vaults:1)
  2 neqoxecs
  Eustachio (D:4)
  A basilisk (shapeshifter) (Depths:4)
  3 basilisks
  A human (shapeshifter) (D:15)
  4 vampire mosquitoes (D:15)
  A wind drake skeleton (Crypt:1)
  A harpy simulacrum (Crypt:1)
  24 wargs
  An ogre zombie (Vaults:1)
  6 acid dragons
  48 nagas
  A torturous demonspawn zombie (Crypt:3)
  Duvessa (D:7)
  A soldier ant (shapeshifter) (Vaults:1)
  A soldier ant (D:12)
  15 porcupines
  17 water moccasins
  4 hell hounds (Depths:3)
  A merfolk skeleton (Crypt:3)
  A floating eye (Depths:4)
  2 slaves (D:3)
  47 orc warriors
  A gelid demonspawn skeleton (Crypt:3)
  A spiny frog skeleton (Crypt:3)
  4 sky beasts
  2 black bears
  A swamp dragon zombie (Crypt:1)
  An ettin simulacrum (Vaults:2)
  3 phantoms
  50 ogres
  2 eyes of draining (D:14)
  2 eyes of draining (shapeshifter)
  10 boggarts
  6 necrophages
  A snapping turtle zombie (Crypt:3)
  23 centaurs
  12 wolves
  An elephant skeleton (Crypt:2)
  The ghost of Caillou112 the Slinger, an amateur HaHu (D:3)
  12 crocodiles
  An elf skeleton (Vaults:1)
  A yaktaur zombie (Crypt:2)
  22 bullfrogs
  3 big kobolds
  A wyvern zombie (D:13)
  A human simulacrum (Vaults:1)
  Dowan (D:7)
  A glowing shapeshifter simulacrum (Vaults:3)
  4 earth elementals
  3 gnoll sergeants
  2 wyvern skeletons (D:8)
  6 scorpions
  3 water moccasin skeletons
  12 killer bees
  An orc simulacrum (Vaults:1)
  2 electric eels (Lair:2)
  29 wights
  8 crimson imps
  3 bullfrog zombies
  7 jellies
  9 hounds
  Crazy Yiuf (D:3)
  A quasit (D:7)
  20 orc priests
  A basilisk skeleton (Crypt:3)
  7 centaur skeletons
  6 iguanas
  5 bullfrog skeletons
  4 hell rats (Lair:3)
  Natasha (thrice) (D:2)
  35 orc wizards
  13 worker ants
  A big kobold zombie (Crypt:3)
  A naga skeleton (Crypt:3)
  An acid dragon skeleton (Crypt:2)
  A big kobold skeleton (Crypt:3)
  An ogre skeleton (Crypt:3)
  A hound zombie (D:11)
  A hound skeleton (D:8)
  12 mummies (Crypt:3)
  A howler monkey zombie (D:6)
  3 worker ant zombies
  14 adders
  21 gnolls
  4 river rats (Lair:3)
  4 shadow imps
  A white imp (Vaults:1)
  7 oozes
  An adder skeleton (D:5)
  An adder zombie (D:8)
  A worm (shapeshifter) (Vaults:4)
  2 worms (D:3)
  4 dart slugs
  6 leopard geckos
  112 orcs
  7 bats
  6 giant cockroaches
  5 goblins
  4 hobgoblins
  4 jackals (D:3)
  18 kobolds
  3 quokkas
  2 ball pythons
  A dart slug zombie (Crypt:3)
  4 frilled lizards
  A jackal skeleton (D:8)
  A leopard gecko zombie (D:6)
  A quokka skeleton (D:7)
  2 quokka zombies (D:7)
  13 rats
  2 crawling corpses (Vaults:5)
  5 fungi
  10 plants
  5 tentacles
2633 creatures vanquished.

Vanquished Creatures (collateral kills)
  Sojobo (Vaults:4)
  An electric golem (Zot:5)
  6 Orb Guardians (Zot:5)
  2 very ugly things (Depths:4)
  A great orb of eyes (Depths:4)
  An ice dragon (Depths:4)
  A vault guard (Vaults:5)
  A death yak (Lair:6)
  A two-headed ogre (Vaults:4)
  A catoblepas (Lair:6)
  A deep troll earth mage (Depths:4)
  2 hell knights (Depths:4)
  A deep troll (Depths:4)
  A vault sentinel (Vaults:4)
  A naga mage (Snake:4)
  A red devil (Zot:5)
  A yak (Lair:6)
  An orc warrior (Vaults:4)
  An orc (Vaults:4)
26 creatures vanquished.

Vanquished Creatures (others)
  Polyphemus (Shoals:3)
  A storm dragon (Depths:3)
  6 stone giants
  A merfolk javelineer (Shoals:4)
  2 yaktaur captains
  4 centaur warriors
  3 naga sharpshooters (Snake:4)
  A deep elf archer (Vaults:1)
  A mana viper (Snake:4)
  An ugly thing (Depths:2)
  5 deep elf magi
  A frost giant zombie (Depths:2)
  A faun (Shoals:2)
  A cyclops (Vaults:2)
  A manticore (Shoals:2)
  A moth of wrath (Zot:5)
  16 yaktaurs
  2 humans (Elf:1)
  An orc warrior (Vaults:5)
  An ogre (Depths:2)
  2 boggarts (Vaults:2)
  4 centaurs
  8 fungi
  7 plants
  10 tentacles
82 creatures vanquished.

Grand Total: 2741 creatures vanquished
